[Event "M.Chigorin Memorial 2013"]
[Site "St. Petersburg"]
[Date "2013.10.08"]
[Round "4.2"]
[White "Burmakin, Vladimir"]
[Black "Areshchenko, Alexander"]
[Result "1/2-1/2"]
[ECO "A48"]
[WhiteElo "2581"]
[BlackElo "2714"]
[PlyCount "150"]
[EventDate "2013.10.05"]
[TimeControl "6000+1500"]
[WhiteClock "0:06:40"]
[BlackClock "0:01:53"]

1. d4 Nf6 2. Nf3 g6 3. Bf4 Bg7 4. e3 d6 5. h3 O-O 6. Be2 c5 7. c3 cxd4 8. exd4
Qb6 9. Qb3 Be6 10. Qa3 Nc6 11. O-O a5 12. Rd1 Nd5 13. Bh2 Nc7 14. Nbd2 a4 15.
Nf1 Nb5 16. Bxb5 Qxb5 17. Ne3 Bh6 18. Nd2 Bxe3 19. fxe3 Qe2 20. Nf1 Bd5 21. Rd2
Qb5 22. Rf2 Na5 23. Qb4 Qd3 24. Re1 Nc6 25. Qa3 f5 26. Rd2 Qc4 27. Rde2 Qxa2
28. Qxa2 Bxa2 29. Nd2 b5 30. e4 fxe4 31. Rxe4 Bd5 32. R4e3 a3 33. bxa3 Rxa3 34.
Ne4 Ra2 35. R3e2 Rfa8 36. Bf4 Kg7 37. Nf2 Rxe2 38. Rxe2 Ra1+ 39. Kh2 Bc4 40.
Rb2 Kf6 41. Bd2 Ke6 42. Kg3 b4 43. cxb4 Nxd4 44. Ne4 Kf5 45. Nc3 Nb5 46. Nxb5
Bxb5 47. Rc2 e5 48. Bh6 Rb1 49. Rc7 Rxb4 50. Rxh7 Bc6 51. Rf7+ Ke6 52. Rf2 Be4
53. Bg7 Bf5 54. Kh2 Rb7 55. Bh6 d5 56. g4 Bd3 57. Rf8 d4 58. Rd8 Bf1 59. Rg8
Rb2+ 60. Kg3 Rb3+ 61. Kf2 Bxh3 62. Rxg6+ Kd5 63. Rg8 e4 64. Rd8+ Kc4 65. Bg7
e3+ 66. Kf3 Bxg4+ 67. Kxg4 d3 68. Rc8+ Kd5 69. Kf3 e2 70. Kf2 Rb1 71. Bc3 Rf1+
72. Ke3 Rc1 73. Rd8+ Kc4 74. Rc8+ Kb5 75. Rb8+ Kc4 1/2-1/2

[Event "M.Chigorin Memorial 2013"]
[Site "St. Petersburg"]
[Date "2013.10.08"]
[Round "4.3"]
[White "Al-Modiahki, Mohamad"]
[Black "Akopian, Vladimir"]
[Result "1/2-1/2"]
[ECO "C88"]
[WhiteElo "2568"]
[BlackElo "2684"]
[PlyCount "95"]
[EventDate "2013.10.05"]
[TimeControl "5400+805"]
[WhiteClock "0:17:34"]
[BlackClock "0:14:38"]

1. e4 e5 2. Nf3 Nc6 3. Bb5 a6 4. Ba4 Nf6 5. O-O Be7 6. Re1 b5 7. Bb3 O-O 8. h3
Bb7 9. d3 d6 10. a3 Qd7 11. Nc3 Rfe8 12. Nd5 Nxd5 13. exd5 Nd4 14. Nxd4 exd4
15. Qg4 Qxg4 16. hxg4 h6 17. Bd2 a5 18. a4 b4 19. Re4 Bf6 20. Rxe8+ Rxe8 21.
Re1 Rxe1+ 22. Bxe1 Bc8 23. f3 Bd7 24. Kf1 Kh7 25. Ke2 g5 26. g3 Kg6 27. Kf2 Be5
28. Bd2 f5 29. gxf5+ Kxf5 30. g4+ Kg6 31. Kg2 Kf6 32. Be1 Ke7 33. Bf2 Kf6 34.
Be1 Kg7 35. Bf2 Kg6 36. Be1 h5 37. gxh5+ Kxh5 38. Bd2 Kg6 39. Be1 Kf5 40. Kf2
Be8 41. Kg2 g4 42. Bh4 gxf3+ 43. Kxf3 Bh5+ 44. Kg2 Bf6 45. Be1 Be8 46. Kf3 Bh5+
47. Kg2 Be8 48. Kf3 1/2-1/2

[Event "M.Chigorin Memorial 2013"]
[Site "St. Petersburg"]
[Date "2013.10.08"]
[Round "4.4"]
[White "Belous, Vladimir"]
[Black "Matlakov, Maxim"]
[Result "0-1"]
[ECO "D70"]
[WhiteElo "2554"]
[BlackElo "2682"]
[PlyCount "90"]
[EventDate "2013.10.05"]
[TimeControl "6000+970"]
[WhiteClock "0:25:23"]
[BlackClock "0:27:51"]

1. d4 Nf6 2. c4 g6 3. Nf3 Bg7 4. g3 c5 5. d5 b5 6. cxb5 Qa5+ 7. Bd2 Qxb5 8. Nc3
Qb7 9. Bg2 d6 10. O-O O-O 11. h3 Nbd7 12. Rb1 Nb6 13. e4 Nc4 14. Bg5 h6 15. Bc1
Qb4 16. Re1 Nd7 17. Nd2 Nxb2 18. Rxb2 Qxc3 19. Rb5 Qa1 20. Nb3 Qf6 21. Na5 Ba6
22. Bb2 Ne5 23. Rb3 c4 24. Bxe5 Qxe5 25. Nc6 Qf6 26. Ra3 Bb5 27. Rf3 Qb2 28.
Re2 Qa1 29. Qxa1 Bxa1 30. Nxe7+ Kg7 31. Re1 Bb2 32. Bf1 Rfe8 33. Nc6 f5 34. Na5
fxe4 35. Rfe3 Bd4 36. Nb7 Bxe3 37. Rxe3 Ba6 38. Nxd6 Red8 39. Nxe4 Rxd5 40. Nc3
Rd7 41. h4 Rb8 42. Bh3 Rd3 43. Re7+ Kf8 44. Rxa7 Bb7 45. Ra3 Ra8 0-1

[Event "M.Chigorin Memorial 2013"]
[Site "St. Petersburg"]
[Date "2013.10.08"]
[Round "4.5"]
[White "Gabrielian, Artur"]
[Black "Khismatullin, Denis"]
[Result "1/2-1/2"]
[ECO "B15"]
[WhiteElo "2541"]
[BlackElo "2656"]
[PlyCount "69"]
[EventDate "2013.10.05"]
[TimeControl "6000+1050"]
[WhiteClock "0:16:24"]
[BlackClock "0:04:45"]

1. e4 c6 2. d4 d5 3. Nc3 b5 4. a3 dxe4 5. Nxe4 Nf6 6. Nxf6+ exf6 7. c3 Bd6 8.
Bd3 O-O 9. Ne2 Nd7 10. O-O Qc7 11. Ng3 Re8 12. Nf5 Nb6 13. Nxd6 Qxd6 14. Qf3
Be6 15. Bf4 Qd7 16. Rfe1 Bg4 17. Qg3 Bf5 18. Bf1 Qd5 19. Rad1 h5 20. f3 Qb3 21.
Bc1 Nc4 22. Qf2 Bc2 23. Bxc4 bxc4 24. Rxe8+ Rxe8 25. Re1 Re6 26. h4 Bd3 27. Kh2
Qb8+ 28. Kg1 Qb3 29. Kh2 Kh7 30. Kg1 a6 31. Kh2 Qb8+ 32. Kg1 Qb3 33. Kh2 Qb8+
34. Kg1 Qb3 35. Kh2 1/2-1/2

[Event "M.Chigorin Memorial 2013"]
[Site "St. Petersburg"]
[Date "2013.10.08"]
[Round "4.6"]
[White "Korneev, Oleg"]
[Black "Bukavshin, Ivan"]
[Result "1-0"]
[ECO "B40"]
[WhiteElo "2622"]
[BlackElo "2553"]
[PlyCount "205"]
[EventDate "2013.10.05"]
[TimeControl "6000+1185"]
[WhiteClock "0:01:12"]
[BlackClock "0:36:41"]

1. e4 c5 2. Nf3 e6 3. c3 d5 4. exd5 exd5 5. d4 Nc6 6. Bb5 Bd6 7. O-O Nf6 8.
Qe2+ Qe7 9. Qxe7+ Kxe7 10. Re1+ Be6 11. dxc5 Bxc5 12. Nbd2 a6 13. Bf1 Bb6 14.
Nb3 Rhe8 15. Nfd4 Nxd4 16. Nxd4 Kf8 17. Be3 Bd7 18. Rad1 Re7 19. Nf5 Re6 20.
Nd4 Re7 21. Nc2 Bxe3 22. Rxe3 Ba4 23. Rxe7 Kxe7 24. Re1+ Kd6 25. Ne3 Re8 26. f3
Kc5 27. Kf2 g6 28. Be2 a5 29. Bd1 Bd7 30. a3 Bc6 31. b4+ axb4 32. axb4+ Kd6 33.
Bb3 Rd8 34. Rd1 Ke7 35. Re1 Kd6 36. Rd1 Ke7 37. g4 h6 38. h4 Rc8 39. g5 hxg5
40. hxg5 Nh7 41. f4 f6 42. b5 fxg5 43. bxc6 bxc6 44. f5 gxf5 45. Nxf5+ Kd7 46.
Re1 Re8 47. Ra1 Rc8 48. Re1 Re8 49. Ra1 Rc8 50. Ra7+ Rc7 51. Ra8 Rc8 52. Ra7+
Rc7 53. Ra6 Nf6 54. Bc2 Ng4+ 55. Kg3 Ne5 56. Nd4 Kc8 57. Ra8+ Kb7 58. Ra1 Re7
59. Re1 Kc7 60. Nf3 Kd6 61. Nd4 Kc7 62. Re2 Kd7 63. Ba4 Kc7 64. Nf5 Re8 65. Bc2
Kd7 66. Rh2 Kc7 67. Re2 Kd7 68. Rh2 Kc7 69. Rh7+ Kb6 70. Nd4 Nc4 71. Rh6 Re3+
72. Kf2 Rxc3 73. Rxc6+ Ka5 74. Rc5+ Kb6 75. Rc6+ Ka5 76. Rc5+ Kb6 77. Rb5+ Kc7
78. Rxd5 Nd6 79. Bg6 Ra3 80. Rxg5 Ra2+ 81. Ke3 Nc4+ 82. Kd3 Nd6 83. Kc3 Rh2 84.
Rg1 Rh4 85. Re1 Rg4 86. Re7+ Kb6 87. Bd3 Kc5 88. Re5+ Kb6 89. Re6 Kc5 90. Re5+
Kb6 91. Re1 Kc5 92. Nb3+ Kd5 93. Nd2 Rg3 94. Rb1 Kc5 95. Rb8 Rh3 96. Kc2 Rh2
97. Rg8 Kd4 98. Rd8 Kc5 99. Rd7 Nb5 100. Kd1 Nc3+ 101. Ke1 Rh1+ 102. Bf1 Nd5
103. Ne4+ 1-0

[Event "M.Chigorin Memorial 2013"]
[Site "St. Petersburg"]
[Date "2013.10.08"]
[Round "4.7"]
[White "Givon, Asaf"]
[Black "Zhigalko, Andrey"]
[Result "0-1"]
[ECO "B30"]
[WhiteElo "2445"]
[BlackElo "2615"]
[PlyCount "52"]
[EventDate "2013.10.05"]
[TimeControl "6000+1470"]
[WhiteClock "0:01:31"]
[BlackClock "0:06:44"]

1. e4 c5 2. Nf3 Nc6 3. Bb5 e6 4. O-O Nge7 5. Re1 Nd4 6. Nxd4 cxd4 7. d3 a6 8.
Ba4 b5 9. Bb3 Nc6 10. Qh5 Bb7 11. a4 Qa5 12. Bd2 b4 13. Qg4 h5 14. Qh3 Qe5 15.
Bd5 Rc8 16. c3 Be7 17. Bxc6 Rxc6 18. c4 h4 19. b3 Qh5 20. f4 f5 21. exf5 exf5
22. Qf3 Qxf3 23. gxf3 Kf7 24. Rxe7+ Kxe7 25. Bxb4+ Kf7 26. Nd2 Re8 0-1

[Event "M.Chigorin Memorial 2013"]
[Site "St. Petersburg"]
[Date "2013.10.08"]
[Round "4.8"]
[White "Kokarev, Dmitry"]
[Black "Stocek, Jiri"]
[Result "1-0"]
[ECO "C92"]
[WhiteElo "2611"]
[BlackElo "2543"]
[PlyCount "153"]
[EventDate "2013.10.05"]
[TimeControl "6000+1515"]
[WhiteClock "0:15:23"]
[BlackClock "0:00:40"]

1. e4 e5 2. Nf3 Nc6 3. Bb5 a6 4. Ba4 Nf6 5. O-O Be7 6. Re1 b5 7. Bb3 d6 8. c3
O-O 9. h3 Bb7 10. d4 Re8 11. Nbd2 Bf8 12. d5 Nb8 13. Nf1 h6 14. N3h2 Nbd7 15.
Ng4 Nxg4 16. hxg4 Be7 17. a4 Bg5 18. Be3 Nf6 19. Bxg5 hxg5 20. Qd3 c6 21. Ne3
Qd7 22. axb5 axb5 23. dxc6 Bxc6 24. f3 g6 25. Qd2 Rxa1 26. Rxa1 Ra8 27. Rxa8+
Bxa8 28. Nf5 Bxe4 29. Nh6+ Kg7 30. Nxf7 Bd5 31. Bxd5 Nxd5 32. Qxd5 Qa7+ 33. Kh1
Qxf7 34. Qxd6 Qf4 35. Qd7+ Kh6 36. Qxb5 Qc1+ 37. Kh2 Qf4+ 38. Kg1 Qc1+ 39. Kf2
e4 40. Qe2 e3+ 41. Qxe3 Qxb2+ 42. Kf1 Qb1+ 43. Ke2 Qb5+ 44. Qd3 Qb2+ 45. Qd2
Qb5+ 46. Ke3 Qf1 47. Kd4 Qg1+ 48. Kd5 Qa7 49. Qd4 Qa8+ 50. Kc4 Qa4+ 51. Kd3
Qd1+ 52. Ke4 Qe2+ 53. Kd5 Qb5+ 54. Qc5 Qd7+ 55. Ke4 Qb7+ 56. Kd4 Qd7+ 57. Qd5
Qa7+ 58. Kd3 Qg1 59. Qe5 Qd1+ 60. Ke3 Qe1+ 61. Kd4 Qd1+ 62. Kc5 Qd8 63. Qh2+
Kg7 64. Qd6 Qa5+ 65. Kd4 Qa4+ 66. c4 Qa1+ 67. Kd5 Qa8+ 68. Ke6 Qg8+ 69. Ke7
Qf7+ 70. Kd8 Qg8+ 71. Kd7 Qxc4 72. Qe5+ Kh7 73. Ke7 Qa6 74. Kf7 Qb7+ 75. Qe7
Qb2 76. f4 gxf4 77. Qh4# 1-0

[Event "M.Chigorin Memorial 2013"]
[Site "St. Petersburg"]
[Date "2013.10.08"]
[Round "4.9"]
[White "Zhigalko, Sergei"]
[Black "Svetlov, Dmitry"]
[Result "1/2-1/2"]
[ECO "B12"]
[WhiteElo "2683"]
[BlackElo "2371"]
[PlyCount "103"]
[EventDate "2013.10.05"]
[TimeControl "6000+3645"]
[WhiteClock "0:24:52"]
[BlackClock "0:20:20"]

1. e4 c6 2. d4 d5 3. e5 c5 4. Nf3 Bg4 5. dxc5 Nc6 6. c3 e6 7. Be3 Bxf3 8. Qxf3
Nxe5 9. Bb5+ Nc6 10. O-O Nf6 11. c4 a6 12. Ba4 Rc8 13. Rd1 Qa5 14. Nc3 dxc4 15.
Qg3 Qc7 16. Bf4 Qa5 17. b4 cxb3 18. axb3 Qxc5 19. Rac1 Qf5 20. Ne2 Nh5 21. Qf3
Nxf4 22. Nxf4 Bc5 23. g4 Qg5 24. b4 Bxb4 25. Rxc6 O-O 26. Rxc8 Rxc8 27. Qxb7
Qxg4+ 28. Ng2 Rf8 29. h3 Qc4 30. Ne3 Qf4 31. Ng2 Qc4 32. Ne3 Qf4 33. Qxa6 Bc5
34. Rd3 Qg5+ 35. Kf1 Qh4 36. Nd1 Rd8 37. Rxd8+ Qxd8 38. Qc4 Bd4 39. Bc6 g6 40.
Ke2 Qd6 41. Bg2 Kg7 42. Ne3 Bxe3 43. fxe3 Qg3 44. Qd4+ e5 45. Qg4 Qxg4+ 46.
hxg4 Kh6 47. Bd5 f5 48. gxf5 gxf5 49. Bg8 e4 50. Kf2 Kg5 51. Bxh7 f4 52. Bxe4
1/2-1/2

[Event "M.Chigorin Memorial 2013"]
[Site "St. Petersburg"]
[Date "2013.10.08"]
[Round "4.10"]
[White "Alekseev, Evgeny"]
[Black "Antipov, Mikhail Al"]
[Result "1/2-1/2"]
[ECO "B52"]
[WhiteElo "2707"]
[BlackElo "2515"]
[PlyCount "93"]
[EventDate "2013.10.05"]
[TimeControl "6000+970"]
[WhiteClock "0:12:20"]
[BlackClock "0:15:09"]

1. e4 c5 2. Nf3 d6 3. Bb5+ Bd7 4. c4 Nf6 5. Nc3 g6 6. d4 cxd4 7. Nxd4 Bg7 8. h3
O-O 9. O-O a6 10. Bxd7 Nbxd7 11. b3 Rc8 12. Bb2 Qa5 13. Re1 Rfe8 14. Qd2 Ne5
15. Rad1 Nc6 16. Na4 Qxd2 17. Rxd2 Nxd4 18. Bxd4 Nd7 19. Bxg7 Kxg7 20. Nb2 g5
21. Nd1 Ne5 22. Ne3 f6 23. f3 Kf7 24. Kf2 Ng6 25. Nf5 h5 26. h4 Nxh4 27. Nxh4
gxh4 28. Rh1 b5 29. cxb5 axb5 30. Rxh4 Rc5 31. Rh1 b4 32. Re1 Ra8 33. Ree2 Rc1
34. Rc2 Rxc2 35. Rxc2 e5 36. Kg3 f5 37. exf5 Kf6 38. Rc6 Ke7 39. Kh4 Rxa2 40.
g4 hxg4 41. fxg4 Kd7 42. Rc1 Rf2 43. Ra1 e4 44. Ra7+ Kd8 45. Ra8+ Kd7 46. Ra7+
Kd8 47. Ra8+ 1/2-1/2

[Event "M.Chigorin Memorial 2013"]
[Site "St. Petersburg"]
[Date "2013.10.08"]
[Round "4.11"]
[White "Romanov, Evgeny"]
[Black "Can, Emre"]
[Result "1/2-1/2"]
[ECO "B20"]
[WhiteElo "2654"]
[BlackElo "2513"]
[PlyCount "83"]
[EventDate "2013.10.05"]
[TimeControl "6000+875"]
[WhiteClock "0:26:38"]
[BlackClock "0:40:39"]

1. e4 c5 2. b3 a6 3. Bb2 Nc6 4. Nf3 e6 5. c4 Qc7 6. g3 d6 7. d4 cxd4 8. Nxd4
Nf6 9. Bg2 Nxd4 10. Qxd4 Be7 11. O-O O-O 12. e5 dxe5 13. Qxe5 Qxe5 14. Bxe5 Nd7
15. Bd4 Rb8 16. Nc3 b6 17. Rad1 Rd8 18. Bc6 f6 19. Rfe1 Kf7 20. Na4 Nc5 21.
Bxc5 Rxd1 22. Rxd1 bxc5 23. f4 Bb7 24. Bg2 Ke8 25. g4 Bxg2 26. Kxg2 Rd8 27.
Rxd8+ Kxd8 28. f5 Kd7 29. Kf3 Kc6 30. Nb2 exf5 31. gxf5 Bd6 32. h3 g6 33. Kg4
Be5 34. Nd3 Kd6 35. fxg6 hxg6 36. h4 a5 37. h5 gxh5+ 38. Kxh5 Bd4 39. Kg4 Ke6
40. Kf4 f5 41. Kf3 Kf6 42. Kf4 1/2-1/2

[Event "M.Chigorin Memorial 2013"]
[Site "St. Petersburg"]
[Date "2013.10.08"]
[Round "4.12"]
[White "Neverov, Valeriy"]
[Black "Khairullin, Ildar"]
[Result "0-1"]
[ECO "D45"]
[WhiteElo "2505"]
[BlackElo "2651"]
[PlyCount "116"]
[EventDate "2013.10.05"]
[TimeControl "6000+1565"]
[WhiteClock "0:00:44"]
[BlackClock "0:03:25"]

1. d4 d5 2. c4 c6 3. Nf3 Nf6 4. Nc3 e6 5. e3 Nbd7 6. Qc2 Bd6 7. b3 O-O 8. Bb2
Qe7 9. Rd1 b6 10. Bd3 Bb7 11. O-O c5 12. cxd5 exd5 13. Nb5 Bb8 14. Rfe1 Re8 15.
Bf5 Ne4 16. dxc5 bxc5 17. b4 cxb4 18. a3 Nb6 19. axb4 Qxb4 20. Nfd4 Nc4 21. Ba1
Qe7 22. Bxe4 Qxe4 23. Qxe4 dxe4 24. Rc1 Nd6 25. Nc7 Bxc7 26. Rxc7 Rac8 27. Rd7
Red8 28. Rxd8+ Rxd8 29. Rc1 Rc8 30. Rxc8+ Bxc8 31. Bc3 Bd7 32. h4 f6 33. Bb4
Nc4 34. Nb3 Ne5 35. Nc5 Bc6 36. Kf1 Kf7 37. Ke2 Bb5+ 38. Kd1 Kg6 39. Bc3 Kf5
40. Ke1 h5 41. Ba5 a6 42. Bc7 g5 43. hxg5 fxg5 44. Bd8 h4 45. Nb3 Nd3+ 46. Kd2
Nxf2 47. Nd4+ Kg4 48. Ne6 h3 49. gxh3+ Nxh3 50. Kc3 Bd7 51. Nc5 Bf5 52. Kd4 Kf3
53. Nb3 g4 54. Bc7 g3 55. Nd2+ Ke2 56. Nxe4 g2 57. Nc3+ Kf1 58. Bh2 Ng5 0-1